 Dungeon Crawl Stone Soup version 0.18.1-1-g2f07953 (webtiles) character file.

266070 Eucla the Warrior (level 18, -8/160 HPs)
             Began as a Demonspawn Gladiator on Oct 2, 2016.
             Was the Champion of Jiyva.
             Killed by divine providence
             ... invoked by a daeva
              (12 damage)
             ... on level 2 of the Depths.
             The game lasted 01:17:43 (36206 turns).

Eucla the Warrior (Demonspawn Gladiator)           Turns: 36206, Time: 01:17:44

Health: -8/160     AC: 29    Str: 30    XL:     18   Next: 87%
Magic:  2/6        EV: 24    Int: 10    God:    Jiyva [******]
Gold:   98         SH:  0    Dex: 25    Spells: 0 memorised, 17 levels left

rFire  + . .     SeeInvis +     E - +6 quarterstaff of the Warrior-Mage {antimagic, Int+4 Dex+4 Stlth-}
rCold  + + .     Gourm    .     Z - +5 chain mail of the Bulwark {*Contam Dex+5}
rNeg   + . .     Faith    +     (shield currently unavailable)
rPois  +         Spirit   .     H - +2 hat {rF+}
rElec  +         Dismiss  .     T - +1 cloak
rCorr  +         Reflect  .     U - +0 pair of gloves {Dex+3}
SustAt .         Harm     .     r - +0 pair of boots
MR     ++...                    Q - amulet of faith
Stlth  ..........               D - ring "Wenaffos" {rElec rC++ rN+ MR+ SInv}
                                c - ring of poison resistance

@: about to teleport, slimy, glowing, very resistant to hostile enchantments,
extremely unstealthy
A: claws 1, horns 1, talons 1, thin metallic scales 3, agile 1, blink, foul
stench 2, sense surroundings 1, shaggy fur 2, spiny 2, acidic bite, eyeballs 3,
gelatinous body 1, pseudopods 1, rot immunity
a: Blink, Request Jelly, Jelly Paralyse, Slimify, Cure Bad Mutation, Renounce
Religion
}: 3/15 runes: decaying, serpentine, slimy


You were on level 2 of the Depths.
You worshipped Jiyva.
Jiyva was exalted by your worship.
You were completely stuffed.

You visited 8 branches of the dungeon, and saw 42 of its levels.
You also visited: Labyrinth, Sewer, Ossuary and Volcano.

You collected 1964 gold pieces.
You spent 1866 gold pieces at shops.

Inventory:

Hand Weapons
 E - the +6 quarterstaff of the Warrior-Mage (weapon) {antimagic, Int+4 Dex+4 Stlth-}
   (You acquired it on level 6 of the Lair of Beasts)

   It disrupts the flow of magical energy around spellcasters and certain
   magical creatures (including the wielder).
   It affects your intelligence (+4).
   It affects your dexterity (+4).
   It makes you less stealthy.
 I - a +3 quarterstaff of protection
 R - the +9 Staff of Wucad Mu {channel}
   (You found it on level 6 of the Pits of Slime)
Armour
 r - a +0 pair of boots (worn)
 H - a +2 hat of fire resistance (worn)
 L - the +2 chain mail of the Nightingale {rF++ Int-2 SInv Stlth+}
   (You bought it in a shop on level 1 of the Snake Pit)

   It affects your intelligence (-2).
   It greatly protects you from fire.
   It lets you see invisible.
   It makes you more stealthy.
 T - a +1 cloak (worn)
 U - a +0 pair of gloves of dexterity (worn)
 Z - the +5 chain mail of the Bulwark (worn) {*Contam Dex+5}
   (You bought it in a shop on level 1 of the Snake Pit)

   It affects your dexterity (+5).
   It causes magical contamination when unequipped.
Magical Staves
 k - an uncursed staff of wizardry
Jewellery
 c - a ring of poison resistance (left hand)
 D - the ring "Wenaffos" (right hand) {rElec rC++ rN+ MR+ SInv}
   (You found it on level 10 of the Dungeon)

   [ring of positive energy]

   It greatly protects you from cold.
   It insulates you from electricity.
   It protects you from negative energy.
   It affects your resistance to hostile enchantments.
   It lets you see invisible.
 M - an uncursed ring of see invisible
 Q - an amulet of faith (around neck)
Wands
 a - a wand of disintegration (20/24)
 f - a wand of disintegration (13/24)
 l - a wand of hasting (4/9)
 n - a wand of disintegration (10/24)
 u - a wand of paralysis (6/24)
 G - a wand of lightning (10/15)
 N - a wand of teleportation (8/9)
Scrolls
 d - 6 scrolls of magic mapping
 e - 6 scrolls of remove curse
 i - 2 scrolls of teleportation
 p - 3 scrolls of enchant armour
 v - 5 scrolls of fog
 y - 5 scrolls of enchant weapon
 O - a scroll of identify
 W - 2 scrolls of fear
Potions
 g - 3 potions of haste
 h - 3 potions of flight
 j - 2 potions of might
 m - 5 potions of magic
 o - 2 potions of invisibility
 q - 3 potions of curing
 t - 2 potions of cancellation
 x - 2 potions of resistance
 A - 5 potions of brilliance
 J - a potion of agility
Miscellaneous
 K - a lamp of fire
Comestibles
 b - 11 meat rations
 w - 24 fruits
 z - 11 bread rations
 C - 3 beef jerkies
 F - 2 royal jellies
 P - a slice of pizza


   Skills:
 + Level 19.0 Fighting
 - Level 15.0 Staves
 - Level 1.7 Throwing
 + Level 15.1 Armour
 + Level 15.2 Dodging


You had 17 spell levels left.
You didn't know any spells.

Dungeon Overview and Level Annotations

Branches:
Dungeon (15/15)            Temple (1/1) D:4            Lair (8/8) D:8
  Swamp (4/4) Lair:3        Snake (4/4) Lair:3        Slime (6/6) Lair:7
    Orc (2/2) D:9             Elf (0/3) Orc:2        Vaults (0/5) D:14
 Depths (2/5) D:15

Altars:
Ashenzari
Cheibriados
Dithmenos
Elyvilon
Fedhas
Gozag
Kikubaaqudgha
Makhleb
Nemelex Xobeh
Okawaru
Pakellas
Qazlal
Ru
Sif Muna
Trog
Vehumet
Xom
Yredelemnul
Zin
The Shining One
Beogh
Jiyva

Shops:
D:15 !   Orc:2 ([?(   Snake:1 [   Snake:4 *[:?}   Depths:1 *

Portals:
Hell: Depths:1

Annotations:
D:14 exclusion: ice statue
Lair:2 lubdub's ghost, novice SpEn
Slime:6 Royal Jelly
Depths:2 Mennas


Innate Abilities, Weirdness & Mutations

You have sharp fingernails.
You are completely covered in thin metallic scales (AC +4, rElec).
You frequently emit foul miasma when damaged in melee.
You are mostly covered in sharp spines.
You are immune to rotting.
You have a pair of small horns on your head.
You have sharp toenails.
You are agile. (Dex +2)
You can translocate small distances at will.
You passively map a small area around you.
You are covered in thick fur (AC +2).
You have acidic saliva.
Your body is completely covered in golden eyeballs (Acc +7, SInv).
Your rubbery body absorbs attacks (AC +1).
Armour fits poorly on your pseudopods.


Message History

The daeva calls down the wrath of Zin upon you.
Zin smites you!
* * * LOW HITPOINT WARNING * * *
Unknown command.
Unknown command.
Read which item? (? for menu, Esc to quit)
Okay, then.
Drink which item? (? for menu, Esc to quit)
Okay, then.
A thick mucus forms on the +6 quarterstaff of the Warrior-Mage {antimagic, Int+4 Dex+4 Stlth-}.
You feel somewhat less full. The angel misses you. x3
The angel hits you but does no damage.
The daeva calls down the wrath of Zin upon you.
Zin smites you!
* * * LOW HITPOINT WARNING * * *
Unknown command.
The angel completely misses you. The angel hits you but does no damage.
The daeva calls down the wrath of Zin upon you.
Zin smites you!
You die...

, * +# * ,, #
+# #.###+# * #
,
,#...........#
# * *
.#.#...#.#.# *
,##
,..........+,
#. *
,#.#...#.#.#
,##.# * ,
......... *
##.## *
*#.....# ,
#[).. , *
*#@A...# ,
#)#.. *
*##.A.## , *
#)..# **,
#####*, #.#..
** ,... *
*#...# ,
.....* ,#.#..
,, ,*_#...+ ,
#?..# ###### ,
#.#.. * **
#.... ,, ,
.......


You could see a daeva and an angel.

Vanquished Creatures
  Norris (Snake:4)
  Frances (Swamp:2)
  Roxanne (D:14)
  Kirke (Lair:5)
  2 thorn hunters
  A frost giant (Depths:2)
  5 greater nagas
  Donald (Swamp:1)
  2 fire giants
  Aizul (Depths:1)
  3 orc warlords
  2 stone giants (Depths:1)
  Snorg (Lair:5)
  5 ettins
  2 vault guards (D:14)
  A minotaur (Lab)
  Josephine (D:10)
  2 entropy weavers (Depths:1)
  2 rakshasas
  3 ice dragons (Depths:1)
  14 anacondas
  25 hydras
  16 naga warriors
  A spriggan air mage (Depths:2)
  3 ogre magi
  5 centaur warriors
  3 ghost crabs
  A deep troll shaman (Depths:1)
  A deep troll earth mage (Depths:1)
  7 tengu warriors
  A vampire mage (Depths:1)
  4 death yaks (Lair:3)
  12 alligators
  4 naga sharpshooters
  Urug (Lair:1)
  5 orc high priests (Orc:2)
  3 shock serpents
  An iron troll (Depths:1)
  Nergalle (D:10)
  2 salamander mystics
  3 hell knights (Depths:1)
  4 sea snakes (Snake:3)
  3 unseen horrors
  10 naga ritualists
  11 swamp dragons
  2 flayed ghosts (Depths:1)
  3 wizards
  2 deep trolls (Depths:1)
  A deep elf archer (D:15)
  A shambling mangrove (Swamp:3)
  4 hill giants
  5 large abominations (Depths:1)
  7 necromancers
  5 orc knights (Orc:2)
  A stone giant zombie (Depths:1)
  7 ugly things
  8 mana vipers
  4 cyclopes
  4 salamanders
  4 manticores
  6 orc sorcerers
  2 hornets
  12 guardian serpents (Snake:4)
  22 elephants
  32 black mambas
  A black mamba (shapeshifter) (D:15)
  Joseph (Lair:1)
  13 spiny frogs
  9 naga magi
  3 rime drakes
  3 gargoyles
  A yaktaur zombie (Depths:1)
  A yaktaur (Depths:1)
  8 komodo dragons
  4 spriggan druids
  A tengu conjurer (D:15)
  An efreet (Volcano)
  7 trolls
  A harpy zombie (D:15)
  A jumping spider (Depths:1)
  8 two-headed ogres
  6 polar bears
  A tengu simulacrum (Depths:1)
  8 bog bodies
  A hornet zombie (D:12)
  5 giant leeches
  33 blink frogs
  11 redbacks
  22 spriggans
  A vampire (D:12)
  2 air elementals (Depths:2)
  17 humans (D:14)
  2 fire elementals (Volcano)
  4 basilisks
  A shadow (Swamp:1)
  29 yaks
  A tarantella (Depths:1)
  2 wyverns
  3 fire bats (Lair:4)
  5 wraiths
  The ghost of lubdub the Skirmisher, an amateur DsBe of Trog (Ossuary)
  3 hogs (Lair:5)
  A steam dragon (D:11)
  16 vampire mosquitoes
  12 hippogriffs
  25 swamp worms
  3 mottled dragons
  35 nagas
  22 insubstantial wisps
  6 wargs
  13 water moccasins
  11 porcupines
  2 jellies (Snake:4)
  17 swamp drakes
  43 orc warriors
  14 ice beasts
  4 black bears
  A phantom (D:10)
  A necrophage (D:12)
  6 sky beasts
  10 wasps
  6 small abominations (Depths:1)
  25 ogres
  23 wolves
  8 centaurs
  16 crocodiles
  15 giant frogs
  2 big kobolds
  A wyvern skeleton (D:14)
  4 scorpions
  9 killer bees
  7 wights
  2 howler monkeys
  A crimson imp (D:7)
  4 centaur zombies
  A quasit (D:11)
  7 centaur skeletons
  A giant frog zombie (D:9)
  3 hounds
  A giant frog skeleton (D:7)
  33 orc priests
  27 orc wizards
  4 iron imps
  6 iguanas
  8 hell rats
  2 worker ants (D:7)
  Ijyb (D:2)
  16 sheep
  2 big kobold zombies (Ossuary)
  8 mummies (Ossuary)
  A worker ant zombie (D:4)
  A gnoll (Orc:2)
  16 adders
  41 river rats
  3 shadow imps
  An adder skeleton (D:9)
  4 dart slugs
  6 giant geckos
  107 orcs
  6 bats
  14 giant cockroaches
  A gnoll zombie (Ossuary)
  5 hobgoblins
  8 jackals
  8 quokkas
  4 ball pythons
  A giant gecko zombie (D:6)
  8 giant newts
  6 goblins
  A goblin skeleton (D:8)
  3 hobgoblin zombies
  A jackal zombie (D:7)
  16 kobolds
  A kobold skeleton (D:8)
  2 kobold zombies (Ossuary)
  An orc skeleton (D:8)
  2 orc zombies (Ossuary)
  8 rats
  3 briar patches (Swamp:4)
  A fungus (Lair:3)
1297 creatures vanquished.

Vanquished Creatures (collateral kills)
  A thorn hunter (Swamp:3)
  An entropy weaver (Depths:1)
  A blink frog (Lair:4)
  A boulder beetle (Lair:8)
4 creatures vanquished.

Vanquished Creatures (others)
  An azure jelly (Slime:6)
  4 greater nagas (Snake:4)
  A giant orange brain (Depths:1)
  A great orb of eyes (Slime:6)
  A hydra (Swamp:4)
  A naga warrior (Snake:4)
  3 anacondas
  A death yak (Lair:3)
  A naga ritualist (Snake:4)
  A swamp dragon (Swamp:4)
  A wizard (Depths:1)
  5 mana vipers (Snake:4)
  An orc sorcerer (D:15)
  4 shining eyes
  12 black mambas (Snake:4)
  A yaktaur zombie (Depths:1)
  A naga mage (Snake:4)
  3 spiny frogs
  A komodo dragon (D:15)
  A tengu conjurer (Depths:1)
  5 slime creatures
  2 giant leeches (Swamp:4)
  A two-headed ogre (D:11)
  A blink frog (Lair:3)
  A yak (Lair:5)
  4 golden eyes (Slime:6)
  A human (D:14)
  A swamp worm (Swamp:1)
  An insubstantial wisp (Swamp:4)
  4 nagas (Snake:4)
  A mottled dragon (D:13)
  A small abomination (Depths:1)
  2 orc warriors (Orc:2)
  2 water moccasins
  3 porcupines
  An eye of draining (Slime:1)
  A wasp (Swamp:2)
  A centaur (D:15)
  A crocodile (Lair:5)
  7 giant frogs
  A killer bee (D:13)
  3 wights
  A crimson imp (D:5)
  A quasit (D:9)
  273 jellies
  4 orc priests (Orc:2)
  A giant frog skeleton (D:8)
  3 orc wizards
  3 worker ants
  An iguana (Lair:5)
  A sheep (D:15)
  A hound skeleton (D:5)
  A worker ant zombie (D:5)
  An adder (D:5)
  11 river rats
  A giant gecko (D:7)
  19 orcs
  3 jackals (D:5)
  A quokka (D:5)
  A goblin skeleton (D:8)
  2 orc zombies (D:8)
  A briar patch (Swamp:4)
  7 bushes
  19 fungi
  30 plants
476 creatures vanquished.

Grand Total: 1777 creatures vanquished

Notes
Turn   | Place    | Note
--------------------------------------------------------------
     0 | D:1      | Eucla the Demonspawn Gladiator began the quest for the Orb.
     0 | D:1      | Reached XP level 1. HP: 16/16 MP: 1/1
    82 | D:1      | Gained mutation: You are immune to rotting. [demonic ancestry]
    82 | D:1      | Reached XP level 2. HP: 7/22 MP: 2/2
   927 | D:2      | Noticed Ijyb
   937 | D:2      | Killed Ijyb
   937 | D:2      | Gained mutation: You are partially covered in thin metallic scales (AC +2). [demonic ancestry]
   937 | D:2      | Reached XP level 3. HP: 23/28 MP: 3/3
   995 | D:2      | Found a sparkling altar of Nemelex Xobeh.
  1381 | D:2      | Found an oddly glowing altar of Pakellas.
  1469 | D:2      | Gained mutation: You may emit foul miasma when damaged in melee. [demonic ancestry]
  1469 | D:2      | Reached XP level 4. HP: 34/34 MP: 4/4
  1949 | D:3      | Reached skill level 3 in Fighting
  1954 | D:3      | Gained mutation: You are partially covered in sharp spines. [demonic ancestry]
  1954 | D:3      | Reached XP level 5. HP: 11/41 MP: 5/5
  2225 | D:3      | Found a glowing drain.
  2264 | Sewer    | Entered a sewer
  2276 | Sewer    | Reached skill level 5 in Staves
  2438 | Sewer    | Gained mutation: You are mostly covered in thin metallic scales (AC +3). [demonic ancestry]
  2438 | Sewer    | Reached XP level 6. HP: 41/48 MP: 6/6
  2441 | Sewer    | Reached skill level 4 in Fighting
  2493 | D:3      | Gained mutation: You have an increased reservoir of magic (+10% MP). [potion of mutation]
  2493 | D:3      | Gained mutation: You are agile. (Dex +2) [potion of mutation]
  2851 | D:4      | Found a snail-covered altar of Cheibriados.
  2894 | D:4      | Found an ancient bone altar of Kikubaaqudgha.
  2896 | D:4      | Found a shadowy altar of Dithmenos.
  2898 | D:4      | Found a radiant altar of Vehumet.
  3146 | D:4      | Found an iron altar of Okawaru.
  3181 | D:4      | Gained mutation: You frequently emit foul miasma when damaged in melee. [demonic ancestry]
  3181 | D:4      | Reached XP level 7. HP: 55/55 MP: 7/7
  3259 | D:4      | Found a staircase to the Ecumenical Temple.
  3339 | Temple   | Entered the Ecumenical Temple
  3345 | Temple   | Became a worshipper of Jiyva Joaleesu the Shapeless
  3652 | D:5      | Entered Level 5 of the Dungeon
  3899 | D:5      | Reached skill level 5 in Fighting
  3906 | D:5      | Reached * piety under Jiyva
  4377 | D:5      | Reached ** piety under Jiyva
  4501 | D:6      | Found a white marble altar of Elyvilon.
  4548 | D:6      | Reached XP level 8. HP: 34/63 MP: 8/8
  4603 | D:6      | Found a sand-covered staircase.
  4622 | D:6      | Gained mutation: You possess an exceptional clarity of mind. [mutagenic meat]
  4623 | D:6      | Gained mutation: You evolve. [mutagenic meat]
  4624 | D:6      | Gained mutation: You are frail (-10% HP). [mutagenic meat]
  4663 | Ossuary  | Entered an ossuary
  4671 | Ossuary  | Noticed lubdub's ghost (amateur DsBe)
  4704 | Ossuary  | Killed lubdub's ghost
  4704 | Ossuary  | Reached skill level 6 in Fighting
  5246 | D:7      | Gained mutation: You passively map a small area around you. [potion of mutation]
  5246 | D:7      | Gained mutation: Your flesh is heat resistant. [potion of mutation]
  5246 | D:7      | Lost mutation: You are frail (-10% HP). [potion of mutation]
  5384 | D:7      | Gained mutation: You have sharp fingernails. [demonic ancestry]
  5384 | D:7      | Reached XP level 9. HP: 62/71 MP: 9/9
  5718 | D:7      | Reached skill level 7 in Fighting
  5824 | D:7      | Gained mutation: You tend to lose your temper in combat. [mutagenic meat]
  5826 | D:7      | Gained mutation: You are frail (-10% HP). [mutagenic meat]
  5900 | D:7      | Found an opulent altar of Gozag.
  5919 | D:7      | Found a bloodstained altar of Trog.
  6073 | D:7      | Reached *** piety under Jiyva
  6073 | D:7      | Gained mutation: You are weak. (Str -2) [Jiyva's grace]
  6370 | D:8      | Reached skill level 10 in Staves
  6387 | D:8      | Found a staircase to the Lair.
  6490 | D:8      | Reached **** piety under Jiyva
  6507 | D:8      | Gained mutation: You rapidly evolve. [Jiyva's grace]
  6591 | D:8      | Found a glowing golden altar of the Shining One.
  6661 | D:8      | Gained mutation: You are resistant to electric shocks. [evolution]
  6772 | D:8      | Reached skill level 8 in Fighting
  6938 | D:8      | Reached ***** piety under Jiyva
  7280 | Lair:1   | Entered Level 1 of the Lair of Beasts
  7280 | Lair:1   | Noticed Joseph
  7311 | Lair:1   | Killed Joseph
  7436 | Lair:1   | Reached XP level 10. HP: 58/73 MP: 11/11
  7452 | Lair:1   | Lost mutation: You rapidly evolve. [Jiyva's grace]
  7452 | Lair:1   | Lost mutation: You evolve. [Jiyva's grace]
  7452 | Lair:1   | Gained mutation: You are somewhat resistant to further mutation. [Jiyva's grace]
  7511 | Lair:1   | Found a frozen archway.
  7542 | Lair:1   | Reached skill level 9 in Fighting
  7647 | Lair:1   | Noticed Urug
  7663 | Lair:1   | Killed Urug
  7717 | Lair:1   | Gained mutation: You are completely covered in thin metallic scales (AC +4, rElec). [Jiyva's grace]
  8396 | Lair:2   | Gained mutation: You have acidic saliva. [Jiyva's grace]
  8397 | Lair:2   | Lost mutation: You are weak. (Str -2) [Jiyva's power]
  8404 | Lair:2   | Lost mutation: You tend to lose your temper in combat. [Jiyva's power]
  8463 | Lair:2   | Reached XP level 11. HP: 81/81 MP: 12/12
  8537 | Lair:2   | Reached skill level 10 in Fighting
  8624 | Lair:2   | Lost mutation: You are agile. (Dex +2) [Jiyva's grace]
  8818 | Lair:2   | Gained mutation: You have large cloven feet. [Jiyva's grace]
  9038 | Lair:2   | Noticed lubdub's ghost (novice SpEn)
  9038 | Lair:3   | Noticed a death yak
  9038 | Lair:3   | Noticed a death yak
  9038 | Lair:3   | Noticed a death yak
  9039 | Lair:3   | Noticed a death yak
  9040 | Lair:3   | Noticed a death yak
  9047 | Lair:3   | Slimified a death yak
  9047 | Lair:3   | Noticed an acid blob
  9047 | Lair:3   | a death yak changed into an acid blob
  9048 | Lair:3   | Noticed a death yak
  9057 | Lair:3   | Killed a death yak
  9060 | Lair:3   | Killed a death yak
  9063 | Lair:3   | Killed a death yak
  9066 | Lair:3   | Killed a death yak
  9072 | Lair:3   | Killed a death yak
  9119 | Lair:3   | Found a staircase to the Swamp.
  9154 | Lair:3   | Gained mutation: Your flesh is very heat resistant. [Jiyva's grace]
  9386 | Lair:3   | Found a staircase to the Snake Pit.
  9416 | Lair:3   | Gained mutation: Your muscles are strong. (Str +2) [Jiyva's grace]
  9416 | Lair:3   | Reached ****** piety under Jiyva
  9599 | Lair:3   | Got an ancient leather armour
  9610 | Lair:3   | Identified the +3 leather armour of the Furies {rF+} (You found it on level 3 of the Lair of Beasts)
  9943 | Lair:3   | Reached skill level 11 in Fighting
 10073 | Lair:4   | Noticed a four-headed hydra
 10082 | Lair:4   | Killed a four-headed hydra
 10115 | Lair:4   | HP: 3/83 [blink frog (14)]
 10147 | Lair:4   | Gained mutation: You are mostly covered in sharp spines. [demonic ancestry]
 10147 | Lair:4   | Reached XP level 12. HP: 29/90 MP: 13/13
 10238 | Lair:4   | Gained mutation: Your flesh is almost immune to the effects of heat. [Jiyva's grace]
 10352 | Lair:4   | Found a dark tunnel.
 10397 | Volcano  | Entered a volcano
 11147 | Lair:5   | HP: 1/90 [blink frog (13)]
 11258 | Lair:5   | Reached skill level 15 in Staves
 11268 | Lair:5   | Lost mutation: You are resistant to electric shocks. [Jiyva's grace]
 11292 | Lair:5   | Noticed Kirke
 11295 | Lair:5   | Reached skill level 1 in Armour
 11304 | Lair:5   | Found a labyrinth entrance.
 11313 | Lab      | Entered a labyrinth
 12356 | Lab      | Noticed a minotaur
 12362 | Lab      | Killed a minotaur
 12379 | Lab      | Got a pair of scorched boots
 12386 | Lab      | Identified the cursed -3 pair of boots "Unkirgh" {-Tele +Fly rN+ Dex+8} (You found it in a labyrinth)
 12481 | Lair:5   | Killed Kirke
 12484 | Lair:5   | Reached skill level 12 in Fighting
 12604 | Lair:5   | Lost mutation: You have large cloven feet. [Jiyva's grace]
 12613 | Lair:5   | Noticed Snorg
 12631 | Lair:5   | Killed Snorg
 12699 | Lair:5   | Lost mutation: You are frail (-10% HP). [Jiyva's power]
 13236 | Lair:6   | Gained mutation: You have large cloven feet. [Jiyva's grace]
 13244 | Lair:6   | Reached skill level 5 in Dodging
 13524 | Lair:6   | Identified a scroll of acquirement
 13525 | Lair:6   | Got a faintly glowing quarterstaff
 13526 | Lair:6   | Identified the +6 quarterstaff of the Warrior-Mage {antimagic, Int+4 Dex+4 Stlth-} (You acquired it on level 6 of the Lair of Beasts)
 13549 | Lair:6   | Noticed an eight-headed hydra
 13556 | Lair:6   | Killed an eight-headed hydra
 13556 | Lair:6   | Reached XP level 13. HP: 85/109 MP: 4/14
 13998 | Lair:7   | Reached skill level 5 in Armour
 14009 | Lair:7   | Found a staircase to the Slime Pits.
 14325 | Lair:7   | Reached skill level 13 in Fighting
 14551 | Lair:7   | Gained mutation: Your skin is partially translucent (Stealth, -foe acc). [Jiyva's grace]
 14829 | Slime:1  | Entered Level 1 of the Pits of Slime
 14829 | Slime:1  | Noticed an acid blob
 14837 | Slime:1  | Noticed an acid blob
 14844 | Slime:3  | Noticed an acid blob
 14866 | Slime:4  | Noticed an azure jelly
 14877 | Slime:6  | Entered Level 6 of the Pits of Slime
 14882 | Slime:6  | Noticed an acid blob
 14883 | Slime:6  | Noticed an azure jelly
 14888 | Slime:6  | Noticed the Royal Jelly
 14889 | Slime:6  | Found a viscous altar of Jiyva.
 14889 | Slime:6  | Noticed an acid blob
 14891 | Slime:6  | Gained mutation: Armour fits poorly on your pseudopods. [Jiyva's grace]
 14895 | Slime:6  | Gained mutation: Your rubbery body absorbs attacks (AC +1). [Jiyva's grace]
 14905 | Slime:6  | Noticed an acid blob
 14908 | Slime:6  | Gained mutation: You have supernaturally acute eyesight. [Jiyva's grace]
 14909 | Slime:6  | Noticed an acid blob
 14911 | Slime:6  | Got a wavering glass ring
 14915 | Slime:6  | Noticed an acid blob
 14921 | Slime:6  | Lost mutation: You have supernaturally acute eyesight. [Jiyva's grace]
 14929 | Slime:6  | Killed an azure jelly
 14930 | Slime:6  | Identified Sif Muna's Handbook of Displaced Venom
 14933 | Slime:6  | Got a slimy rune of Zot
 14943 | Slime:6  | Identified the Compendium of Shifting Orientation
 14961 | Slime:6  | Got an emerald-encrusted ring mail
 14972 | Slime:6  | Identified the cursed +1 ring mail of Coif {rF+ Int+4} (You found it on level 6 of the Pits of Slime)
 14975 | Slime:6  | Noticed an acid blob
 14985 | Slime:6  | Noticed an acid blob
 14988 | Slime:6  | Identified the ring of Rer Imiu {rCorr rF- Int+4 Dex+3} (You found it on level 6 of the Pits of Slime)
 15079 | Lair:8   | Entered Level 8 of the Lair of Beasts
 15769 | Lair:8   | Lost mutation: You have large cloven feet. [Jiyva's grace]
 15786 | Lair:8   | Reached XP level 14. HP: 101/119 MP: 15/15
 16075 | Lair:8   | Gained mutation: You are clumsy. (Dex -2) [Jiyva's grace]
 16201 | Lair:8   | Reached skill level 14 in Fighting
 16935 | D:9      | Lost mutation: You are somewhat resistant to further mutation. [Jiyva's grace]
 16964 | D:9      | Found a roughly hewn altar of Beogh.
 16964 | D:9      | Found a staircase to the Orcish Mines.
 17002 | D:9      | Lost mutation: Your muscles are strong. (Str +2) [Jiyva's grace]
 17012 | D:9      | Lost mutation: Your flesh is almost immune to the effects of heat. [Jiyva's grace]
 17069 | D:9      | Gained mutation: Your body is partially covered in golden eyeballs (Acc +3). [Jiyva's grace]
 17363 | D:9      | Found a burning altar of Makhleb.
 17513 | Orc:1    | Entered Level 1 of the Orcish Mines
 17513 | Orc:1    | Noticed an orc warlord
 17536 | D:9      | HP: 3/120 [orc warrior/flail of crushing[an orc warlord] (6)]
 17539 | D:9      | Gained mutation: Your pliable body absorbs attacks (AC +1, EV +1). [Jiyva's grace]
 17963 | D:9      | Killed an orc warlord
 18277 | Orc:1    | Paralysed by an orc sorcerer for 4 turns
 18452 | Orc:1    | Lost mutation: Armour fits poorly on your pseudopods. [Jiyva's grace]
 18472 | Orc:2    | Entered Level 2 of the Orcish Mines
 18680 | Orc:2    | Gained mutation: You have a pair of small horns on your head. [Jiyva's grace]
 18704 | Orc:2    | Gained mutation: Your body is mostly covered in golden eyeballs (Acc +5). [Jiyva's grace]
 18799 | Orc:2    | Paralysed by an orc sorcerer for 6 turns
 18822 | Orc:2    | HP: 4/121 [orc priest/divine providence (16)]
 18835 | Orc:2    | Got a pitted turquoise ring
 18839 | Orc:2    | Identified the ring of Moduit {rElec Int+3} (You found it on level 2 of the Orcish Mines)
 18871 | Orc:2    | Gained mutation: You have sharp toenails. [Jiyva's grace]
 18962 | Orc:2    | Lost mutation: Your skin is partially translucent (Stealth, -foe acc). [Jiyva's grace]
 19099 | Orc:2    | Found a staircase to the Elven Halls.
 19203 | Orc:2    | Noticed an orc warlord
 19223 | Orc:2    | Killed an orc warlord
 19614 | Orc:2    | Gained mutation: Your skin is partially translucent (Stealth, -foe acc). [Jiyva's grace]
 19638 | Orc:2    | Gained mutation: You have a pair of horns on your head. [Jiyva's grace]
 19804 | Orc:2    | Found Iwewkiul's Antique Weapon Emporium.
 19843 | Orc:2    | Gained mutation: Your body is completely covered in golden eyeballs (Acc +7, SInv). [Jiyva's grace]
 19862 | Orc:2    | Found Sonnoboc's Antique Armour Shoppe.
 19867 | Orc:2    | Bought an embroidered cloak for 153 gold pieces
 19867 | Orc:2    | Bought a pair of glowing gloves for 153 gold pieces
 19867 | Orc:2    | Bought a pair of glowing gloves for 153 gold pieces
 19881 | Orc:2    | Gained mutation: Your muscles are strong. (Str +2) [Jiyva's grace]
 19945 | Orc:2    | Found a roughly hewn altar of Beogh.
 20102 | Orc:2    | Gained mutation: You evolve. [Jiyva's grace]
 20206 | Orc:2    | Noticed an orc warlord
 20235 | Orc:2    | Killed an orc warlord
 20264 | Orc:2    | Lost mutation: Your flesh is very heat resistant. [Jiyva's grace]
 20311 | Orc:2    | Found a roughly hewn altar of Beogh.
 20335 | Orc:2    | Lost mutation: You have sharp toenails. [Jiyva's grace]
 20353 | Orc:2    | Found Mieggan's Antique Weapon Shoppe.
 20379 | Orc:2    | Bought a runed quarterstaff for 132 gold pieces
 20420 | Orc:2    | Found Oqidemne's Magic Scroll Boutique.
 20437 | Orc:2    | Gained mutation: You rapidly evolve. [Jiyva's grace]
 20490 | Orc:2    | Lost mutation: You possess an exceptional clarity of mind. [Jiyva's grace]
 20607 | Orc:2    | Lost mutation: You rapidly evolve. [Jiyva's grace]
 20794 | Orc:2    | Bought a scroll of identify for 36 gold pieces
 20794 | Orc:2    | Bought a scroll of identify for 36 gold pieces
 20794 | Orc:2    | Bought 3 scrolls of identify for 108 gold pieces
 20798 | Orc:2    | Lost mutation: You have a pair of horns on your head. [Jiyva's grace]
 20915 | D:9      | Reached skill level 15 in Fighting
 20920 | D:10     | Entered Level 10 of the Dungeon
 20927 | D:10     | Mutation became permanent: You are completely covered in thin metallic scales (AC +4, rElec). [demonic ancestry]
 20927 | D:10     | Reached XP level 15. HP: 123/129 MP: 16/16
 20948 | D:10     | Reached skill level 10 in Dodging
 20998 | D:10     | Lost mutation: Your skin is partially translucent (Stealth, -foe acc). [Jiyva's grace]
 21013 | D:10     | Noticed Josephine
 21025 | D:10     | Killed Josephine
 21030 | D:10     | Noticed Nergalle
 21049 | D:10     | Killed Nergalle
 21049 | D:10     | Reached skill level 10 in Armour
 21096 | D:10     | Got a bound bone ring
 21221 | D:10     | Gained mutation: Your mind is acute. (Int +2) [Jiyva's grace]
 21298 | D:10     | Identified the ring "Wenaffos" {rElec rC++ rN+ MR+ SInv} (You found it on level 10 of the Dungeon)
 21616 | D:11     | Gained mutation: Your flesh is cold resistant. [Jiyva's grace]
 21844 | D:11     | Lost mutation: You passively map a small area around you. [Jiyva's grace]
 22421 | D:12     | Gained mutation: You are resistant to electric shocks. [Jiyva's grace]
 22617 | D:13     | Gained mutation: Armour fits poorly on your pseudopods. [Jiyva's grace]
 22646 | D:13     | Lost mutation: Your flesh is cold resistant. [evolution]
 22816 | D:13     | Lost mutation: You have a pair of small horns on your head. [Jiyva's grace]
 23388 | D:14     | Noticed Roxanne
 23417 | D:14     | Killed Roxanne
 23426 | D:14     | Identified Roxanne's Papyrus of the Rocks (You took it off Roxanne on level 14 of the Dungeon)
 23437 | D:14     | Found a shadowy altar of Dithmenos.
 23523 | D:14     | Got a pair of ichor-stained boots
 23545 | D:14     | Lost mutation: You have an increased reservoir of magic (+10% MP). [Jiyva's grace]
 24038 | D:14     | Lost mutation: You are clumsy. (Dex -2) [Jiyva's grace]
 24067 | D:14     | Found a gate to the Vaults.
 24320 | D:15     | Entered Level 15 of the Dungeon
 24354 | D:15     | Found Plog's Distillery.
 24368 | D:15     | Bought a potion of curing for 42 gold pieces
 24368 | D:15     | Bought 2 potions of heal wounds for 140 gold pieces
 24368 | D:15     | Bought a potion of heal wounds for 70 gold pieces
 24473 | D:15     | Found a sacrificial altar of Ru.
 24532 | D:15     | Reached skill level 16 in Fighting
 24555 | D:15     | Gained mutation: Your gelatinous body deflects attacks (AC +2, EV +2). [Jiyva's grace]
 24713 | D:15     | Reached XP level 16. HP: 106/138 MP: 16/16
 24715 | D:15     | Identified the +0 pair of boots of Lugonu's Delight {-Tele Int+8} (You found it on level 14 of the Dungeon)
 24760 | D:15     | Found a staircase to the Depths.
 24766 | D:15     | Gained mutation: Your spells are a little harder to cast, but a little more powerful. [Jiyva's grace]
 25185 | Snake:1  | Entered Level 1 of the Snake Pit
 25185 | Snake:1  | Found Qein's Antique Armour Shoppe.
 25196 | Snake:1  | Bought a garnet-encrusted chain mail for 285 gold pieces
 25206 | Snake:1  | Identified the +2 chain mail of the Nightingale {rF++ Int-2 SInv Stlth+} (You bought it in a shop on level 1 of the Snake Pit)
 25277 | Snake:1  | Lost mutation: Your muscles are strong. (Str +2) [Jiyva's grace]
 25389 | Snake:1  | Lost mutation: Armour fits poorly on your pseudopods. [Jiyva's grace]
 26419 | Snake:2  | Lost mutation: Your gelatinous body deflects attacks (AC +2, EV +2). [Jiyva's grace]
 26840 | Snake:3  | Lost mutation: Your flesh is heat resistant. [Jiyva's grace]
 26938 | Snake:3  | Lost mutation: You are resistant to electric shocks. [Jiyva's grace]
 27111 | Snake:3  | Found a sacrificial altar of Ru.
 27230 | Snake:3  | Lost mutation: You have acidic saliva. [Jiyva's grace]
 27713 | Snake:3  | Gained mutation: You are covered in fur (AC +1). [evolution]
 27811 | Snake:1  | Bought a smelly chain mail for 285 gold pieces
 27821 | Snake:1  | Identified the +5 chain mail of the Bulwark {*Contam Dex+5} (You bought it in a shop on level 1 of the Snake Pit)
 27825 | Snake:1  | Gained mutation: Your skin is partially translucent (Stealth, -foe acc). [Jiyva's grace]
 27875 | Snake:4  | Entered Level 4 of the Snake Pit
 28092 | Snake:4  | Noticed Norris
 28107 | Snake:4  | Paralysed by Norris for 7 turns
 28126 | Snake:4  | Killed Norris
 28126 | Snake:4  | Reached skill level 17 in Fighting
 28148 | Snake:4  | Lost mutation: Your spells are a little harder to cast, but a little more powerful. [Jiyva's grace]
 28445 | Snake:4  | Lost mutation: Your mind is acute. (Int +2) [Jiyva's grace]
 28505 | Snake:4  | Reached XP level 17. HP: 110/147 MP: 5/17
 28946 | Snake:4  | Gained mutation: You are weak. (Str -2) [Jiyva's grace]
 28949 | Snake:4  | Found Curghyir's Armour Boutique.
 28955 | Snake:4  | Found Rophupiac's Book Shop.
 28986 | Snake:4  | Found Emmoegea's Gadget Shop.
 29002 | Snake:4  | Found Geonemor's Magic Scroll Shop.
 29153 | Snake:4  | Lost mutation: Your skin is partially translucent (Stealth, -foe acc). [Jiyva's grace]
 29191 | Snake:4  | Gained mutation: Your flesh is heat resistant. [Jiyva's grace]
 29270 | Snake:4  | Lost mutation: You are weak. (Str -2) [Jiyva's grace]
 29752 | Snake:4  | Gained mutation: You have acidic saliva. [Jiyva's grace]
 29763 | Snake:4  | Got a serpentine rune of Zot
 29863 | Snake:4  | Found Efoshaf's Assorted Antiques.
 29908 | Snake:4  | Gained mutation: You passively map a small area around you. [Jiyva's grace]
 30093 | Swamp:1  | Entered Level 1 of the Swamp
 30231 | Swamp:1  | Noticed Donald
 30245 | Swamp:1  | Killed Donald
 30362 | Swamp:1  | Gained mutation: You can translocate small distances at will. [Jiyva's grace]
 30453 | Swamp:1  | Gained mutation: Your muscles are strong. (Str +2) [Jiyva's grace]
 31483 | Swamp:2  | Noticed Frances
 31490 | Swamp:2  | Gained mutation: You have a small jelly attached to you that senses nearby items. [Jiyva's grace]
 31500 | Swamp:2  | Reached skill level 18 in Fighting
 31526 | Swamp:2  | Killed Frances
 31636 | Swamp:2  | Gained mutation: You have a pair of small horns on your head. [Jiyva's grace]
 31936 | Swamp:3  | Gained mutation: You are covered in thick fur (AC +2). [Jiyva's grace]
 32179 | Swamp:3  | Noticed Mara
 32198 | Swamp:3  | Noticed Eucla's illusion
 32602 | Swamp:2  | Reached XP level 18. HP: 143/157 MP: 6/18
 32656 | Swamp:3  | Noticed Eucla's illusion
 33091 | Swamp:3  | Lost mutation: You evolve. [Jiyva's grace]
 33267 | Swamp:4  | Entered Level 4 of the Swamp
 33310 | Swamp:4  | Lost mutation: Your flesh is heat resistant. [Jiyva's grace]
 33437 | Swamp:4  | Lost mutation: Your muscles are strong. (Str +2) [Jiyva's grace]
 33465 | Swamp:3  | HP: 3/158 [shambling mangrove (26)]
 33839 | Swamp:3  | Noticed Eucla's illusion
 34613 | Swamp:4  | Got a decaying rune of Zot
 34997 | Depths:1 | Entered Level 1 of the Depths
 35096 | Depths:1 | Gained mutation: Armour fits poorly on your pseudopods. [Jiyva's grace]
 35173 | Depths:1 | HP: 3/158 [ettin/great mace (29)]
 35193 | Depths:1 | HP: 1/158 [entropy weaver (8)]
 35292 | Depths:1 | Lost mutation: You have a small jelly attached to you that senses nearby items. [Jiyva's grace]
 35547 | Depths:1 | Found Camufugo's Assorted Antiques.
 35558 | Depths:1 | Bought a scroll of identify for 78 gold pieces
 35558 | Depths:1 | Bought a scroll labeled HIPROCZUTSI for 39 gold pieces
 35558 | Depths:1 | Bought a long glass wand for 156 gold pieces
 35560 | Depths:1 | Lost mutation: Your pliable body absorbs attacks (AC +1, EV +1). [Jiyva's grace]
 35561 | Depths:1 | Noticed Aizul
 35578 | Depths:1 | Killed Aizul
 35587 | Depths:1 | Gained mutation: You have sharp toenails. [Jiyva's grace]
 35593 | Depths:1 | Found a gateway to Hell.
 35717 | Depths:1 | Reached skill level 15 in Dodging
 35943 | Depths:1 | Gained mutation: You are agile. (Dex +2) [Jiyva's grace]
 35980 | Depths:1 | Reached skill level 15 in Armour
 36167 | Depths:2 | Reached skill level 19 in Fighting
 36203 | Depths:2 | Found a glowing silver altar of Zin.
 36203 | Depths:2 | Noticed Mennas
 36205 | Depths:2 | HP: 4/160 [daeva/divine providence (11)]
 36206 | Depths:2 | Killed from afar by a daeva

Skill      XL: |  1  2  3  4  5  6  7  8  9 10 11 12 13 14 15 16 17 18 |
---------------+-------------------------------------------------------+-----
Staves         | 3 4 5 6 7 9 11 12 14 15 | 15.0
Fighting       | 3 4 5 6 8 9 11 12 13 15 16 17 18 19 | 19.0
Armour         | 4 7 9 11 12 14 15 | 15.1
Dodging        | 5 7 9 11 12 14 15 | 15.2
Throwing       | |  1.7

Action                   |  1- 3 |  4- 6 |  7- 9 | 10-12 | 13-15 | 16-18 || total
-------------------------+-------+-------+-------+-------+-------+-------++-------
Melee: Quarterstaff      |    86 |   133 |   318 |   560 |  1535 |  1768 ||  4400
       Bite              |       |       |       |    65 |   339 |   333 ||   737
       Kick              |       |       |       |    83 |       |       ||    83
       Staff             |       |       |       |       |    85 |    71 ||   156
       Pseudopods        |       |       |       |       |   254 |   139 ||   393
       Headbutt          |       |       |       |       |   196 |   311 ||   507
Invok: Cure Bad Mutation |       |       |       |     4 |       |       ||     4
       Slimify           |       |       |       |     1 |       |     3 ||     4
       Request Jelly     |       |       |       |     1 |     2 |       ||     3
       Jelly Paralyse    |       |       |       |       |     1 |       ||     1
Evoke: Wand              |       |       |       |       |       |     5 ||     5
       Lamp of fire      |       |       |       |       |       |     2 ||     2
  Use: Potion            |       |     2 |     4 |     6 |     2 |    10 ||    24
       Scroll            |       |    12 |     9 |     8 |    14 |    17 ||    60
 Stab: Confused          |       |       |       |       |    52 |    89 ||   141
  Eat: Chunk             |     1 |       |     9 |       |       |       ||    10
       Bread ration      |       |     1 |     1 |       |       |       ||     2
       Beef jerky        |       |     2 |       |       |       |       ||     2
Armor: Leather armour    |     9 |       |       |    34 |       |       ||    43
       Ring mail         |    35 |    41 |       |       |       |       ||    76
       Chain mail        |       |    10 |   190 |   147 |       |   609 ||   956
       Scale mail        |       |       |       |    36 |   254 |       ||   290
       Plate armour      |       |       |       |       |   317 |   131 ||   448
Dodge: Dodged            |    74 |    66 |    92 |   182 |   892 |  1363 ||  2669
